[Event "Cracovia Festival-A 2023"]
[Site "Krakow"]
[Date "2023.12.28"]
[Round "2.13"]
[White "Balint, Peter"]
[Black "Baumegger, Siegfried"]
[Result "1/2-1/2"]
[ECO "B30"]
[WhiteElo "2187"]
[BlackElo "2388"]
[Annotator "ChessBase"]
[PlyCount "40"]
[EventDate "2023.12.24"]
[EventType "swiss"]
[EventCountry "POL"]
[SourceTitle "playchess.com"]
[Source "ChessBase"]
[SourceQuality "1"]
[TimeControl "40/5400+30:1800+30"]

1. e4 c5 2. Nf3 Nc6 3. Bb5 Nf6 4. Nc3 Qc7 5. O-O Nd4 6. a4 e6 7. Re1 Bd6 8. h3 Nxf3+ 9. Qxf3 Bh2+ 10. Kh1 Be5 11. Bf1 O-O 12. Nb5 Qb8 13. c3 d5 14. exd5 Nxd5 15. d4 cxd4 16. cxd4 Bf6 17. Nc3 Qd6 18. Nxd5 Qxd5 19. Qxd5 exd5 20. Bf4 Be6 1/2-1/2

[Event "Cracovia Festival-A 2023"]
[Site "Krakow"]
[Date "2023.12.28"]
[Round "2.14"]
[White "Podolskyi, Mykhailo"]
[Black "Karolczuk, Iwo"]
[Result "1/2-1/2"]
[ECO "D38"]
[WhiteElo "2177"]
[BlackElo "2365"]
[Annotator "ChessBase"]
[PlyCount "50"]
[EventDate "2023.12.24"]
[EventType "swiss"]
[EventCountry "POL"]
[SourceTitle "playchess.com"]
[Source "ChessBase"]
[SourceQuality "1"]
[TimeControl "40/5400+30:1800+30"]

1. d4 Nf6 2. c4 e6 3. Nf3 d5 4. Nc3 Bb4 5. cxd5 exd5 6. Qa4+ Nc6 7. Bg5 h6 8. Bxf6 Qxf6 9. e3 O-O 10. Be2 Be6 11. O-O a6 12. Rfc1 Bd6 13. a3 Ne7 14. b4 g5 15. e4 dxe4 16. Nxe4 Qf4 17. Qc2 Bf5 18. Nf6+ Kh8 19. Qb2 Be4 20. Nxe4 Qxe4 21. Ne5 Nf5 22. Rd1 Nh4 23. Bf1 f6 24. Re1 Qd5 25. Rad1 Rae8 1/2-1/2

[Event "Cracovia Festival-A 2023"]
[Site "Krakow"]
[Date "2023.12.28"]
[Round "2.15"]
[White "Kulkarni Bhakti"]
[Black "Buchenau, Frank"]
[Result "1-0"]
[ECO "C11"]
[WhiteElo "2364"]
[BlackElo "2135"]
[Annotator "ChessBase"]
[PlyCount "65"]
[EventDate "2023.12.24"]
[EventType "swiss"]
[EventCountry "POL"]
[SourceTitle "playchess.com"]
[Source "ChessBase"]
[SourceQuality "1"]
[TimeControl "40/5400+30:1800+30"]

1. e4 e6 2. d4 d5 3. Nc3 Nf6 4. e5 Nfd7 5. f4 c5 6. Nf3 Nc6 7. Be3 Be7 8. a3 O-O 9. Bd3 f6 10. dxc5 fxe5 11. fxe5 Rxf3 12. gxf3 Ndxe5 13. Bf2 Qf8 14. Be2 Bxc5 15. Bxc5 Qxc5 16. Qd2 Bd7 17. O-O-O Rf8 18. Na4 Qd6 19. Rhg1 Ne7 20. Nc3 N7g6 21. Qe3 Qb6 22. Qxb6 axb6 23. Rgf1 Nf4 24. Bb5 Bc6 25. Rde1 Rf5 26. a4 Kf7 27. Kd2 Rh5 28. Kd1 Kf6 29. Ne2 Ng2 30. Ng3 Rh4 31. Re2 Bxb5 32. axb5 Ra4 33. Rxg2 1-0

[Event "Cracovia Festival-A 2023"]
[Site "Krakow"]
[Date "2023.12.28"]
[Round "2.16"]
[White "Jedraszek, Pawel"]
[Black "Akhvlediani, Irakli"]
[Result "0-1"]
[ECO "E70"]
[WhiteElo "2124"]
[BlackElo "2359"]
[Annotator "ChessBase"]
[PlyCount "144"]
[EventDate "2023.12.24"]
[EventType "swiss"]
[EventCountry "POL"]
[SourceTitle "playchess.com"]
[Source "ChessBase"]
[SourceQuality "1"]
[TimeControl "40/5400+30:1800+30"]

1. d4 Nf6 2. c4 g6 3. Nc3 Bg7 4. e4 O-O 5. h3 c5 6. d5 e6 7. Bd3 exd5 8. exd5 Re8+ 9. Nge2 d6 10. O-O Nfd7 11. Ng3 Ne5 12. Be2 f5 13. f4 Ned7 14. a4 Qh4 15. Nh1 Bd4+ 16. Kh2 a6 17. a5 Nf6 18. g3 Qh6 19. Nf2 Bxc3 20. bxc3 Ne4 21. Nxe4 Rxe4 22. Bf3 Re8 23. Re1 Qf8 24. Ra2 Nd7 25. Rxe8 Qxe8 26. Re2 Qf8 27. g4 Nf6 28. g5 Ne4 29. Qe1 Bd7 30. Bxe4 fxe4 31. Rxe4 Qf5 32. Qe3 b6 33. axb6 Rb8 34. Qf3 Rxb6 35. Re2 Rb1 36. Qe3 a5 37. Ra2 a4 38. Kg2 Kf8 39. Kh2 Rb8 40. Rf2 Re8 41. Qf3 Re1 42. Bd2 Rb1 43. Qe3 a3 44. Bc1 Ra1 45. Re2 Kg8 46. Kg2 h5 47. Kh2 h4 48. Kg2 Kh8 49. Kh2 Kg8 50. Kg2 Qf7 51. Kh2 a2 52. Rb2 Qf5 53. Kg2 Kf7 54. Re2 Kg8 55. Rb2 Qf8 56. Kh2 Qe8 57. Qd2 Qa8 58. Kg2 Bf5 59. Kf3 Kf7 60. Ke3 Qa7 61. Kf3 Rxc1 62. Rxa2 Qxa2 63. Qxc1 Qxc4 64. Qa3 Qxd5+ 65. Kf2 Qd2+ 66. Kf3 Ke6 67. Qa7 Qxc3+ 68. Kf2 Qd2+ 69. Kf3 Qd3+ 70. Kf2 Qc2+ 71. Kf3 Qe4+ 72. Kf2 Qxf4+ 0-1

[Event "Cracovia Festival-A 2023"]
[Site "Krakow"]
[Date "2023.12.28"]
[Round "2.17"]
[White "Anwesh, Upadhyaya"]
[Black "Manko, Mariia"]
[Result "1-0"]
[ECO "A20"]
[WhiteElo "2350"]
[BlackElo "2128"]
[Annotator "ChessBase"]
[PlyCount "73"]
[EventDate "2023.12.24"]
[EventType "swiss"]
[EventCountry "POL"]
[SourceTitle "playchess.com"]
[Source "ChessBase"]
[SourceQuality "1"]
[TimeControl "40/5400+30:1800+30"]

1. c4 e5 2. g3 Nf6 3. Bg2 c6 4. d4 e4 5. Nc3 d5 6. Bg5 Bb4 7. Nh3 dxc4 8. O-O Bxc3 9. bxc3 h6 10. Bxf6 Qxf6 11. a4 O-O 12. a5 Na6 13. Qa4 Be6 14. Nf4 Bd5 15. f3 e3 16. Rfb1 Rab8 17. Nxd5 cxd5 18. f4 Nc7 19. Qa3 Qc6 20. Qb4 Rfe8 21. Bh3 b5 22. axb6 Rxb6 23. Qc5 Qb7 24. Rxb6 axb6 25. Qd6 b5 26. Bg2 Re6 27. Qc5 Rb6 28. Qe7 b4 29. cxb4 Rxb4 30. Qxe3 Rb1+ 31. Rxb1 Qxb1+ 32. Kf2 Qb2 33. Qe5 Qb7 34. Qe7 c3 35. Qc5 Qb2 36. Qxc7 g6 37. Bxd5 1-0

[Event "Cracovia Festival-A 2023"]
[Site "Krakow"]
[Date "2023.12.28"]
[Round "2.18"]
[White "Krzyzanowski, Patryk"]
[Black "Sernecki, Franciszek"]
[Result "0-1"]
[ECO "D37"]
[WhiteElo "2102"]
[BlackElo "2325"]
[Annotator "ChessBase"]
[PlyCount "76"]
[EventDate "2023.12.24"]
[EventType "swiss"]
[EventCountry "POL"]
[SourceTitle "playchess.com"]
[Source "ChessBase"]
[SourceQuality "1"]
[TimeControl "40/5400+30:1800+30"]

1. d4 Nf6 2. c4 e6 3. Nf3 d5 4. Nc3 dxc4 5. Qa4+ c6 6. Qxc4 b5 7. Qb3 a6 8. Bg5 c5 9. dxc5 Bxc5 10. Ne4 Be7 11. Rd1 Qa5+ 12. Bd2 Qb6 13. Nxf6+ Bxf6 14. Bb4 Nc6 15. Bd6 Qa5+ 16. Rd2 Bb7 17. e3 Rd8 18. Bc5 Rd5 19. Qc2 Qxa2 20. Rxd5 exd5 21. Nd4 Qa1+ 22. Ke2 Qa5 23. f3 Qc7 24. Nf5 Nb4 25. Qc1 Na2 26. Qc2 Nc3+ 27. bxc3 Qxc5 28. Kf2 O-O 29. Bd3 Rc8 30. Rc1 Bxc3 31. Qe2 g6 32. Nh6+ Kg7 33. Ng4 h5 34. Ne5 d4 35. f4 dxe3+ 36. Kg3 Qd6 37. Qxe3 Bd4 38. Qd2 Rxc1 0-1

[Event "Cracovia Festival-A 2023"]
[Site "Krakow"]
[Date "2023.12.28"]
[Round "2.19"]
[White "Polak, Tomas"]
[Black "Meers, Hubert"]
[Result "1-0"]
[ECO "E16"]
[WhiteElo "2517"]
[BlackElo "2218"]
[Annotator "ChessBase"]
[PlyCount "89"]
[EventDate "2023.12.24"]
[EventType "swiss"]
[EventCountry "POL"]
[SourceTitle "playchess.com"]
[Source "ChessBase"]
[SourceQuality "1"]
[TimeControl "40/5400+30:1800+30"]

1. d4 Nf6 2. c4 e6 3. Nf3 b6 4. g3 Bb7 5. Bg2 Bb4+ 6. Bd2 c5 7. Bxb4 cxb4 8. O-O O-O 9. a3 bxa3 10. Rxa3 a5 11. Nbd2 d6 12. e3 Qc7 13. Qe2 Ne4 14. Rc1 Nd7 15. Rb3 Nxd2 16. Nxd2 Bxg2 17. Kxg2 Rfc8 18. Qf3 Qc6 19. Rcc3 Qxf3+ 20. Kxf3 Kf8 21. Rb5 Rc7 22. Ke2 Ke7 23. Kd3 h6 24. h4 Rac8 25. g4 g6 26. Rc1 Rc6 27. Ra1 Nf6 28. g5 Nd7 29. b4 axb4 30. gxh6 Rh8 31. Ra7 Rxh6 32. Nf3 Rh5 33. Rxb4 Rf5 34. d5 exd5 35. Nd4 dxc4+ 36. Rxc4 Rxc4 37. Nxf5+ Ke6 38. Ng7+ Kf6 39. Kxc4 Ne5+ 40. Kd5 Kxg7 41. Kxd6 Ng4 42. Ra2 Kf6 43. Ra4 Nh6 44. Rf4+ Nf5+ 45. Kc6 1-0

[Event "Cracovia Festival-A 2023"]
[Site "Krakow"]
[Date "2023.12.28"]
[Round "2.20"]
[White "Hryharovich, Aliaksei"]
[Black "Janzelj, Tim"]
[Result "1/2-1/2"]
[ECO "D17"]
[WhiteElo "2195"]
[BlackElo "2441"]
[Annotator "ChessBase"]
[PlyCount "131"]
[EventDate "2023.12.24"]
[EventType "swiss"]
[EventCountry "POL"]
[SourceTitle "playchess.com"]
[Source "ChessBase"]
[SourceQuality "1"]
[TimeControl "40/5400+30:1800+30"]

1. d4 d5 2. Nf3 Nf6 3. c4 c6 4. Nc3 dxc4 5. a4 Bf5 6. Nh4 e6 7. Nxf5 exf5 8. e3 Bd6 9. Bxc4 O-O 10. h3 Re8 11. Bd2 c5 12. dxc5 Bxc5 13. Qb3 Qd7 14. O-O-O Nc6 15. Nd5 Ne4 16. Bc3 Qc8 17. Rhf1 b6 18. Qc2 Qb7 19. g4 a6 20. gxf5 b5 21. Rg1 Bf8 22. Bd3 Nxc3 23. Qxc3 Nb4 24. Nf6+ Kh8 25. Kb1 Rec8 26. Qd4 Qc6 27. Be4 Qxf6 28. Qxf6 gxf6 29. Bxa8 Rxa8 30. axb5 axb5 31. Rd7 Re8 32. Rxf7 Nd5 33. Rd7 Ne7 34. Rb7 Nxf5 35. Rxb5 Nd6 36. Rd5 Ne4 37. Rg2 Rb8 38. Kc2 Nd6 39. b3 Rc8+ 40. Kb2 f5 41. f3 Re8 42. Rd3 Nb5 43. Rc2 Ba3+ 44. Ka2 Ra8 45. Kb1 Be7 46. Ra2 Na3+ 47. Kb2 Rg8 48. b4 Bxb4 49. Raxa3 Bxa3+ 50. Rxa3 Rg3 51. Kc3 Rxh3 52. Kd4 Rxf3 53. Ra7 h5 54. Ke5 h4 55. Ra4 h3 56. Rh4+ Kg7 57. e4 Kg6 58. exf5+ Kg5 59. Rh8 Re3+ 60. Kd4 Ra3 61. Ke4 Rb3 62. f6 Kxf6 63. Kf4 Kg7 64. Rh5 Kg6 65. Rh8 Kg7 66. Rh5 1/2-1/2

[Event "Cracovia Festival-A 2023"]
[Site "Krakow"]
[Date "2023.12.28"]
[Round "2.21"]
[White "Golubka, Petro"]
[Black "Keinanen, Anastasia"]
[Result "1-0"]
[ECO "D45"]
[WhiteElo "2440"]
[BlackElo "2227"]
[Annotator "ChessBase"]
[PlyCount "105"]
[EventDate "2023.12.24"]
[EventType "swiss"]
[EventCountry "POL"]
[SourceTitle "playchess.com"]
[Source "ChessBase"]
[SourceQuality "1"]
[TimeControl "40/5400+30:1800+30"]

1. d4 d5 2. c4 e6 3. Nc3 c6 4. e3 Nf6 5. Nf3 Nbd7 6. Qc2 Bd6 7. g4 h6 8. Rg1 Qe7 9. h4 a6 10. g5 hxg5 11. hxg5 Nh5 12. g6 f5 13. Ng5 Ng3 14. e4 Nxe4 15. Ncxe4 fxe4 16. Nf7 Bb4+ 17. Kd1 Rf8 18. c5 Rxf7 19. gxf7+ Qxf7 20. Be2 Ba5 21. Be3 Bd8 22. Rh1 Bf6 23. f4 exf3 24. Bxf3 Nf8 25. Qf2 Bd7 26. Bh5 g6 27. Rf1 Nh7 28. Be2 Qg7 29. Bd3 O-O-O 30. Rg1 Be8 31. Kc2 e5 32. Raf1 e4 33. Be2 Be7 34. Bg4+ Bd7 35. Qf7 Rg8 36. Qxg7 Rxg7 37. Bh6 Rg8 38. Rf7 Nf6 39. Be2 Bd8 40. Bg5 Be6 41. Rxf6 Bxf6 42. Bxf6 Bf5 43. Kd2 Kd7 44. Rh1 g5 45. Be5 g4 46. Bg3 Kc8 47. Ke3 b5 48. cxb6 Kb7 49. Rf1 Bc8 50. Rf7+ Kxb6 51. b4 a5 52. Bd6 axb4 53. Bc5+ 1-0

[Event "Cracovia Festival-A 2023"]
[Site "Krakow"]
[Date "2023.12.28"]
[Round "2.22"]
[White "Pajeken, Jakob Leon"]
[Black "Flak, Pawel"]
[Result "1/2-1/2"]
[ECO "B03"]
[WhiteElo "2428"]
[BlackElo "2145"]
[Annotator "ChessBase"]
[PlyCount "69"]
[EventDate "2023.12.24"]
[EventType "swiss"]
[EventCountry "POL"]
[SourceTitle "playchess.com"]
[Source "ChessBase"]
[SourceQuality "1"]
[TimeControl "40/5400+30:1800+30"]

1. e4 Nf6 2. e5 Nd5 3. c4 Nb6 4. d4 d6 5. exd6 exd6 6. Nc3 Be7 7. Bd3 O-O 8. Nge2 Re8 9. O-O Bf8 10. Be3 c6 11. b3 d5 12. Nf4 g6 13. Qf3 Be6 14. Nxe6 fxe6 15. Rad1 N8d7 16. Qg3 Qe7 17. c5 Nc8 18. Bg5 Qf7 19. b4 Bg7 20. Bc2 Ne7 21. Qc7 Nf6 22. Qf4 Nf5 23. Bxf6 Qxf6 24. Ne2 e5 25. dxe5 Rxe5 26. Ng3 Nh4 27. Qxf6 Bxf6 28. Bb3 Kg7 29. Rfe1 Rxe1+ 30. Rxe1 a6 31. Kf1 Rf8 32. Re2 Rf7 33. a3 Kf8 34. f3 Re7 35. a4 1/2-1/2

[Event "Cracovia Festival-A 2023"]
[Site "Krakow"]
[Date "2023.12.28"]
[Round "2.23"]
[White "Wojdak, Jan"]
[Black "Pacan-Milej, Kosma"]
[Result "0-1"]
[ECO "B12"]
[WhiteElo "2219"]
[BlackElo "2425"]
[Annotator "ChessBase"]
[PlyCount "74"]
[EventDate "2023.12.24"]
[EventType "swiss"]
[EventCountry "POL"]
[SourceTitle "playchess.com"]
[Source "ChessBase"]
[SourceQuality "1"]
[TimeControl "40/5400+30:1800+30"]

1. e4 c6 2. d4 d5 3. e5 Bf5 4. h4 h5 5. Bd3 Bxd3 6. Qxd3 e6 7. Nf3 Qa5+ 8. Nbd2 Qa6 9. c4 Nh6 10. O-O Nf5 11. b3 Bb4 12. a4 Nd7 13. Ba3 Bxa3 14. Rxa3 O-O 15. Qb1 Qb6 16. a5 Qb4 17. Ra4 Qe7 18. cxd5 cxd5 19. Ng5 g6 20. g3 Rac8 21. Rc1 Nb8 22. Ndf3 Qd7 23. g4 hxg4 24. Nh2 g3 25. Ng4 Qb5 26. Nf6+ Kg7 27. Ra2 Nc6 28. h5 Ncxd4 29. h6+ Nxh6 30. Nh5+ Kh8 31. Kg2 Rxc1 32. Qxc1 gxh5 33. Nxe6 Nxe6 34. Qxh6+ Kg8 35. Qxh5 Qd3 36. Ra4 d4 37. Qg4+ Qg6 0-1

[Event "Cracovia Festival-A 2023"]
[Site "Krakow"]
[Date "2023.12.28"]
[Round "2.24"]
[White "Gkavardinas, Antonios"]
[Black "Kucza, Karol"]
[Result "0-1"]
[ECO "C50"]
[WhiteElo "2141"]
[BlackElo "2343"]
[Annotator "ChessBase"]
[PlyCount "88"]
[EventDate "2023.12.24"]
[EventType "swiss"]
[EventCountry "POL"]
[SourceTitle "playchess.com"]
[Source "ChessBase"]
[SourceQuality "1"]
[TimeControl "40/5400+30:1800+30"]

1. e4 e5 2. Nf3 Nc6 3. Bc4 Bc5 4. d3 Nf6 5. O-O d6 6. c3 O-O 7. Nbd2 a6 8. a4 Ba7 9. h3 h6 10. Re1 Be6 11. Bxe6 fxe6 12. Nf1 Nh5 13. d4 Qf6 14. Be3 Nf4 15. Kh2 exd4 16. cxd4 d5 17. e5 Qf7 18. Ra3 a5 19. Rc3 Bb6 20. Ng1 Ng6 21. Rc2 Nxd4 22. Bxd4 Qf4+ 23. Ng3 Qxd4 24. Qxd4 Bxd4 25. Rxc7 Rxf2 26. Re2 Rxe2 27. N1xe2 Bxb2 28. Rxb7 Bxe5 29. Kg1 Rd8 30. Rb3 Rb8 31. Rxb8+ Bxb8 32. Nf1 Kf7 33. Kf2 Ne5 34. Ke3 Nc4+ 35. Kd4 Ba7+ 36. Kc3 e5 37. g4 Ke6 38. Nfg3 g6 39. h4 Ne3 40. g5 hxg5 41. hxg5 Bb6 42. Kd2 Nc4+ 43. Kc3 Nd6 44. Kd2 Bd8 0-1

[Event "Cracovia Festival-A 2023"]
[Site "Krakow"]
[Date "2023.12.28"]
[Round "2.25"]
[White "Dubnevych, Maksym"]
[Black "Fishchuk, Vladyslav"]
[Result "0-1"]
[ECO "C45"]
[WhiteElo "2340"]
[BlackElo "2198"]
[Annotator "ChessBase"]
[PlyCount "52"]
[EventDate "2023.12.24"]
[EventType "swiss"]
[EventCountry "POL"]
[SourceTitle "playchess.com"]
[Source "ChessBase"]
[SourceQuality "1"]
[TimeControl "40/5400+30:1800+30"]

1. e4 e5 2. Nf3 Nc6 3. d4 exd4 4. Nxd4 Bc5 5. Nb3 Bb6 6. Nc3 Nge7 7. a4 a6 8. Nd5 Nxd5 9. exd5 Qf6 10. Qe2+ Ne7 11. g3 d6 12. Bg2 Bg4 13. Qd2 Qe5+ 14. Kf1 a5 15. f4 Qf6 16. h3 Bd7 17. Be4 c6 18. dxc6 bxc6 19. Kg2 d5 20. Bf3 O-O 21. Qd3 Nf5 22. Kh2 Bf2 23. g4 Qh4 24. Kg2 Qg3+ 25. Kf1 Rfe8 26. Qa6 Re1# 0-1

[Event "Cracovia Festival-A 2023"]
[Site "Krakow"]
[Date "2023.12.28"]
[Round "2.26"]
[White "Gorkiewicz, Mateusz"]
[Black "Skytte, Rasmus"]
[Result "1/2-1/2"]
[ECO "B38"]
[WhiteElo "2147"]
[BlackElo "2337"]
[Annotator "ChessBase"]
[PlyCount "56"]
[EventDate "2023.12.24"]
[EventType "swiss"]
[EventCountry "POL"]
[SourceTitle "playchess.com"]
[Source "ChessBase"]
[SourceQuality "1"]
[TimeControl "40/5400+30:1800+30"]

1. e4 c5 2. Nf3 Nc6 3. d4 cxd4 4. Nxd4 g6 5. c4 Bg7 6. Be3 Qb6 7. Nb3 Qc7 8. Qd2 Nf6 9. f3 d6 10. Nc3 Be6 11. Rc1 b6 12. Be2 O-O 13. O-O Rfe8 14. Nd5 Qb7 15. Nd4 Rac8 16. Nxc6 Qxc6 17. Bg5 a6 18. Bxf6 exf6 19. b3 f5 20. exf5 Bxf5 21. Kh1 Be6 22. Nb4 Qb7 23. f4 b5 24. Bf3 Qb6 25. cxb5 axb5 26. Bc6 Red8 27. Nd5 Qa7 28. Bxb5 Rxc1 1/2-1/2

[Event "Cracovia Festival-A 2023"]
[Site "Krakow"]
[Date "2023.12.28"]
[Round "2.27"]
[White "Steindl, Johannes"]
[Black "Lehocz, Jozsef Jr."]
[Result "1-0"]
[ECO "B22"]
[WhiteElo "2334"]
[BlackElo "2116"]
[Annotator "ChessBase"]
[PlyCount "81"]
[EventDate "2023.12.24"]
[EventType "swiss"]
[EventCountry "POL"]
[SourceTitle "playchess.com"]
[Source "ChessBase"]
[SourceQuality "1"]
[TimeControl "40/5400+30:1800+30"]

1. e4 c5 2. c3 Nf6 3. e5 Nd5 4. Bc4 Nb6 5. Bb3 c4 6. Bc2 Nc6 7. Nf3 g6 8. O-O Bg7 9. Re1 d6 10. exd6 Qxd6 11. b3 O-O 12. Na3 cxb3 13. axb3 Rd8 14. d4 Nd5 15. Bd2 Bg4 16. h3 Bxf3 17. Qxf3 e5 18. Be4 exd4 19. Bxd5 Qxd5 20. Re8+ Rxe8 21. Qxd5 dxc3 22. Be3 Rad8 23. Qf3 Nb4 24. Qxb7 c2 25. Nxc2 Nxc2 26. Rxa7 Rf8 27. Bc5 Rd1+ 28. Kh2 Be5+ 29. g3 Bd6 30. b4 Rd2 31. Kg1 Rd1+ 32. Kg2 Ne1+ 33. Kf1 Bxc5 34. bxc5 Nd3+ 35. Ke2 Nxc5 36. Qb5 Ne4 37. Qe5 Rd2+ 38. Ke1 Rd6 39. Re7 Rfd8 40. Qxe4 h5 41. Qf4 1-0

[Event "Cracovia Festival-A 2023"]
[Site "Krakow"]
[Date "2023.12.28"]
[Round "2.28"]
[White "Meurs, Tom"]
[Black "Gbiorczyk, Mikolaj"]
[Result "1-0"]
[ECO "C03"]
[WhiteElo "2290"]
[BlackElo "2137"]
[Annotator "ChessBase"]
[PlyCount "97"]
[EventDate "2023.12.24"]
[EventType "swiss"]
[EventCountry "POL"]
[SourceTitle "playchess.com"]
[Source "ChessBase"]
[SourceQuality "1"]
[TimeControl "40/5400+30:1800+30"]

1. e4 e6 2. d4 d5 3. Nd2 Be7 4. Ngf3 Nf6 5. e5 Nfd7 6. Bd3 c5 7. c3 Nc6 8. O-O a5 9. a4 cxd4 10. cxd4 Nb4 11. Bb1 b6 12. Re1 Ba6 13. Nf1 Rc8 14. Ra3 Nb8 15. Ng3 Kd7 16. h4 Bxh4 17. Nf5 Be7 18. Nd6 Bxd6 19. exd6 N8c6 20. Ng5 Qf8 21. Rf3 Nd8 22. Rxe6 Nxe6 23. Rxf7+ Qxf7 24. Nxf7 Rhf8 25. Ne5+ Kxd6 26. Be3 Nf4 27. Qg4 Ne2+ 28. Kh2 Rc7 29. g3 g6 30. Kg2 Rf6 31. Qg5 Rf8 32. Bxg6 Nc6 33. Qh6 Rf6 34. Bg5 Rxg6 35. Qf8+ Ke6 36. Qe8+ Ne7 37. Nxg6 hxg6 38. Bxe7 Rxe7 39. Qxg6+ Kd7 40. Qxb6 Bc4 41. Qxa5 Nc1 42. Qb6 Nb3 43. Qb4 Nxd4 44. Qb7+ Kd6 45. Qb8+ Kc6 46. Qa8+ Kd6 47. Qd8+ Rd7 48. Qf8+ Ke6 49. Qh6+ 1-0

[Event "Cracovia Festival-A 2023"]
[Site "Krakow"]
[Date "2023.12.28"]
[Round "2.29"]
[White "Kaliszuk, Kamil"]
[Black "Antolak, Julia"]
[Result "1/2-1/2"]
[ECO "A21"]
[WhiteElo "2107"]
[BlackElo "2287"]
[Annotator "ChessBase"]
[PlyCount "56"]
[EventDate "2023.12.24"]
[EventType "swiss"]
[EventCountry "POL"]
[SourceTitle "playchess.com"]
[Source "ChessBase"]
[SourceQuality "1"]
[TimeControl "40/5400+30:1800+30"]

1. c4 e5 2. Nc3 d6 3. d4 exd4 4. Qxd4 Nc6 5. Qd2 g6 6. b3 Bg7 7. Bb2 Nf6 8. g3 O-O 9. Bg2 Be6 10. Nf3 Qd7 11. Ng5 h6 12. Nxe6 fxe6 13. O-O e5 14. c5 Rad8 15. cxd6 cxd6 16. Rad1 Qf5 17. Nd5 Ne4 18. Qc2 Nc5 19. Qc4 Kh7 20. b4 Ne6 21. Be4 Qh5 22. h4 Ncd4 23. Rd2 Qg4 24. Qd3 Nf5 25. Bf3 Qh3 26. Bg2 Qg4 27. Bf3 Qh3 28. Bg2 Qg4 1/2-1/2

[Event "Cracovia Festival-A 2023"]
[Site "Krakow"]
[Date "2023.12.28"]
[Round "2.30"]
[White "Janeczko, Jakub"]
[Black "Biesiadecki, Adam"]
[Result "1-0"]
[ECO "B31"]
[WhiteElo "2283"]
[BlackElo "2102"]
[Annotator "ChessBase"]
[PlyCount "65"]
[EventDate "2023.12.24"]
[EventType "swiss"]
[EventCountry "POL"]
[SourceTitle "playchess.com"]
[Source "ChessBase"]
[SourceQuality "1"]
[TimeControl "40/5400+30:1800+30"]

1. e4 c5 2. Nf3 Nc6 3. Bb5 g6 4. O-O Bg7 5. c3 Nf6 6. Re1 O-O 7. h3 d5 8. e5 Ne8 9. Bxc6 bxc6 10. d4 cxd4 11. cxd4 Nc7 12. Nc3 Ne6 13. Ng5 Nxg5 14. Bxg5 f6 15. Bf4 fxe5 16. Bxe5 Bxe5 17. Rxe5 Rf5 18. Qe2 Rxe5 19. Qxe5 Qd6 20. Qe3 Rb8 21. b3 Rb7 22. Na4 Qf6 23. Nc5 Rc7 24. Re1 Bf5 25. g4 Bc8 26. Qg3 Qd6 27. Re5 e6 28. Qe3 Re7 29. h4 Re8 30. h5 Qe7 31. hxg6 hxg6 32. Rg5 Qf6 33. Nd3 1-0

[Event "Cracovia Festival-A 2023"]
[Site "Krakow"]
[Date "2023.12.28"]
[Round "2.31"]
[White "Grochol, Kamil"]
[Black "Ernst, Robert"]
[Result "1/2-1/2"]
[ECO "B48"]
[WhiteElo "2101"]
[BlackElo "2271"]
[Annotator "ChessBase"]
[PlyCount "84"]
[EventDate "2023.12.24"]
[EventType "swiss"]
[EventCountry "POL"]
[SourceTitle "playchess.com"]
[Source "ChessBase"]
[SourceQuality "1"]
[TimeControl "40/5400+30:1800+30"]

1. e4 c5 2. Nf3 e6 3. d4 cxd4 4. Nxd4 Nc6 5. Nc3 Qc7 6. Be3 a6 7. g4 h6 8. h4 b5 9. Nxc6 Qxc6 10. Qd2 b4 11. Ne2 Qd6 12. Qxd6 Bxd6 13. O-O-O Bc7 14. Bg2 Bb7 15. g5 a5 16. Bd4 f6 17. Kb1 hxg5 18. hxg5 Rxh1 19. Rxh1 Kf7 20. gxf6 e5 21. Be3 Nxf6 22. Ng3 Ng4 23. Bc5 d6 24. Rd1 Rd8 25. Ba7 Ra8 26. Bc5 Rd8 27. Ba7 g6 28. Bf1 Ra8 29. Bc4+ Kf6 30. Bb6 Bb8 31. f3 Nh6 32. Bd8+ Kg7 33. Be7 Nf7 34. Nf5+ gxf5 35. Rg1+ Kh7 36. Bxf7 Ba7 37. Rg3 fxe4 38. fxe4 Bxe4 39. Bf6 Bf5 40. Rg2 Be3 41. Rg7+ Kh6 42. Rg2 Kh7 1/2-1/2

[Event "Cracovia Festival-A 2023"]
[Site "Krakow"]
[Date "2023.12.28"]
[Round "2.32"]
[White "Klepek, Witold"]
[Black "Warchol, Kamil"]
[Result "1-0"]
[ECO "B48"]
[WhiteElo "2252"]
[BlackElo "2108"]
[Annotator "ChessBase"]
[PlyCount "87"]
[EventDate "2023.12.24"]
[EventType "swiss"]
[EventCountry "POL"]
[SourceTitle "playchess.com"]
[Source "ChessBase"]
[SourceQuality "1"]
[TimeControl "40/5400+30:1800+30"]

1. e4 c5 2. Nf3 e6 3. d4 cxd4 4. Nxd4 Nc6 5. Nc3 Qc7 6. Be3 a6 7. Qf3 Nf6 8. O-O-O Be7 9. Be2 d6 10. Qg3 O-O 11. f4 Rd8 12. Kb1 Nd7 13. f5 Nxd4 14. Bxd4 Bf6 15. fxe6 fxe6 16. Bxf6 Nxf6 17. Rhf1 Qe7 18. e5 dxe5 19. Rxd8+ Qxd8 20. Qxe5 Bd7 21. g4 Qb8 22. Qd4 Qa7 23. Qd2 Bc6 24. Bc4 Re8 25. g5 Nd7 26. Qf4 Qb8 27. Bxe6+ Kh8 28. Qxb8 Nxb8 29. Kc1 Nd7 30. Bd5 Bxd5 31. Nxd5 Kg8 32. Nf4 Nb6 33. Nd3 Nd5 34. Kd2 Rd8 35. a3 b6 36. c4 Nc7 37. Kc3 Ne6 38. h4 Rc8 39. b4 Rc6 40. Rf5 Rc7 41. a4 Rc6 42. Rd5 Kf8 43. Ne5 Rc7 44. Rd6 1-0

[Event "Cracovia Festival-A 2023"]
[Site "Krakow"]
[Date "2023.12.28"]
[Round "2.33"]
[White "Zarnowski, Krzysztof"]
[Black "Damia, Angelo"]
[Result "0-1"]
[ECO "E00"]
[WhiteElo "2114"]
[BlackElo "2251"]
[Annotator "ChessBase"]
[PlyCount "88"]
[EventDate "2023.12.24"]
[EventType "swiss"]
[EventCountry "POL"]
[SourceTitle "playchess.com"]
[Source "ChessBase"]
[SourceQuality "1"]
[TimeControl "40/5400+30:1800+30"]

1. d4 Nf6 2. c4 e6 3. Nc3 c5 4. d5 Bd6 5. Nf3 Bc7 6. Bg5 Ba5 7. Qc2 exd5 8. cxd5 O-O 9. e3 h6 10. Bh4 g5 11. Bg3 d6 12. Bd3 Na6 13. O-O-O Nb4 14. Qb1 Nxd3+ 15. Qxd3 Bxc3 16. bxc3 c4 17. Qc2 Re8 18. Rd4 b5 19. h4 g4 20. Ng5 Qe7 21. Bf4 hxg5 22. hxg5 Ne4 23. f3 Nxg5 24. Bxg5 Qxg5 25. Qh7+ Kf8 26. Qh8+ Ke7 27. Re4+ Be6 28. Qd4 Kd7 29. dxe6+ Rxe6 30. Rxe6 fxe6 31. Rh7+ Kc6 32. Rg7 Qd5 33. Rxg4 Qxd4 34. exd4 Rh8 35. Kb2 Rh1 36. Rg6 Re1 37. f4 a5 38. a3 Re2+ 39. Kb1 b4 40. axb4 axb4 41. cxb4 Kb5 42. d5 exd5 43. Rxd6 c3 44. Rxd5+ Kc4 0-1

[Event "Cracovia Festival-A 2023"]
[Site "Krakow"]
[Date "2023.12.28"]
[Round "2.34"]
[White "Baum, Jonasz"]
[Black "Leskiewicz, Ignacy"]
[Result "1-0"]
[ECO "C41"]
[WhiteElo "2421"]
[BlackElo "2177"]
[Annotator "ChessBase"]
[PlyCount "81"]
[EventDate "2023.12.24"]
[EventType "swiss"]
[EventCountry "POL"]
[SourceTitle "playchess.com"]
[Source "ChessBase"]
[SourceQuality "1"]
[TimeControl "40/5400+30:1800+30"]

1. e4 d6 2. d4 Nf6 3. Nc3 e5 4. Nf3 Nbd7 5. Bc4 Be7 6. O-O O-O 7. Re1 c6 8. a4 h6 9. h3 Re8 10. Be3 Bf8 11. dxe5 dxe5 12. Qe2 Qc7 13. Nh4 Nc5 14. Qf3 Be6 15. Bf1 Nh7 16. Qg3 Kh8 17. Nf3 Nf6 18. Nxe5 Bd6 19. Bxc5 Bxe5 20. Qe3 Bh2+ 21. Kh1 Bf4 22. Qf3 Rad8 23. Be3 Be5 24. a5 b5 25. axb6 axb6 26. Ra6 b5 27. Rea1 Rb8 28. Bd3 b4 29. Na4 b3 30. c3 Ra8 31. Nc5 Rxa6 32. Rxa6 Rd8 33. Nxe6 fxe6 34. Bb6 Rxd3 35. Qxd3 Qb7 36. Qd8+ Kh7 37. Ra7 Qb8 38. Qxb8 Bxb8 39. Rb7 Be5 40. f3 Nh5 41. Bf2 1-0